 Dungeon Crawl Stone Soup version 0.30-a0-1112-gfb780f5df6 (webtiles) character file.

Game seed: 14356583512759836177

20 Aneyh the Trooper (level 2, 0/19 HPs)
             Began as a Tengu Fighter on Apr 19, 2023.
             Slain by a goblin
             ... wielding a +0 club
              (4 damage)
             ... on level 1 of the Dungeon.
             The game lasted 00:00:50 (215 turns).

Aneyh the Trooper (Tengu Fighter)                    Turns: 215, Time: 00:00:51

Health: 0/19       AC:  6    Str: 16    XL:     2   Next: 79%
Magic:  3/3        EV:  8    Int:  8    God:
Gold:   21         SH:  4    Dex: 13    Spells: 1/1 levels left

rFire   . . .      SeeInvis .    e - +0 short sword (vamp)
rCold   . . .      Faith    .    c - +0 buckler
rNeg    . . .      Spirit   .    b - +0 scale mail
rPois   .          Reflect  .    (helmet restricted)
rElec   .          Rampage  .    (no cloak)
rCorr   .                        (no gloves)
Will    .....                    (boots unavailable) Stlth
                                 (no amulet)
HPRegen 0.23/turn                (no ring)
MPRegen 0.08/turn                (no ring)

@: no status effects
A: beak, talons 3
a: no special abilities


You were on level 1 of the Dungeon.
You visited 1 branch of the dungeon, and saw 1 of its levels.

You collected 21 gold pieces.

Inventory:

Hand Weapons
 a - a +0 flail
 e - a +0 vampiric short sword (weapon)
Armour
 b - a +0 scale mail (worn)
 c - a +0 buckler (worn)
Jewellery
 g - an amulet of magic regeneration
Potions
 d - a potion of might
 f - a potion of lignification {unknown}


   Skills:
 + Level 3.6 Fighting
 + Level 2.8 Maces & Flails
 - Level 3.2 Armour
 - Level 3.0 Shields


You had one spell level left.
You didn't know any spells.
Your spell library was empty.

Dungeon Overview and Level Annotations

Branches:
Dungeon (1/15)

Altars:


Innate Abilities, Weirdness & Mutations

You have a beak for a mouth.
You have claws for feet.


Message History

You see here an amulet of magic regeneration.
The rat bites you but does no damage.
You hit the rat. You claw the rat.
You kill the rat!
No target in view!
No target in view!
g - an amulet of magic regeneration A goblin comes into view.
It is wielding a +0 club.
The goblin shouts!
A goblin comes into view. It is wielding a +0 club.
A kobold comes into view. It is wielding a +0 short sword.
There are monsters nearby!
The goblin shouts!
A rat comes into view.
The goblin hits you but does no damage.
You hit the kobold. Your kick misses the kobold. Your peck misses the kobold.
The kobold is severely wounded.
The goblin hits you but does no damage. The goblin closely misses you.
You block the kobold's attack.
You closely miss the kobold. Your kick misses the kobold.
The kobold is severely wounded.
The goblin barely misses you. The goblin hits you with a +0 club.
The kobold hits you with a +0 short sword.
You hit the kobold but do no damage. Your kick misses the kobold.
The kobold is severely wounded.
The goblin hits you with a +0 club. The goblin hits you but does no damage.
The kobold hits you with a +0 short sword.
You closely miss the kobold. You claw the kobold, but do no damage.
The kobold is severely wounded.
A bat comes into view.
The goblin hits you but does no damage. x2
The kobold hits you with a +0 short sword.
You are too injured to fight recklessly!
You are too injured to fight recklessly!
You hit the kobold.
You kill the kobold!
You block the goblin's attack. The goblin hits you with a +0 club.
* * * LOW HITPOINT WARNING * * *
The goblin hits you with a +0 club.
You die...

# #######.#.#######
#####.....†.........#
##....#..###........#
##.#.....# #........#
##.#...### ####.....##
##...### ##.......##
...†## #.........#
.##.##### #.........#
..).....# #...@.....#
........# #..rgg....#
........## #.........#
..)...................#
........#####....b....#
######.## #.........# #
..# #.........# # ....
#.........# . ....


You could see 2 goblins, a bat and a rat.

Vanquished Creatures
  4 ball pythons (D:1)
  A bat (D:1)
  3 endoplasms (D:1)
  A giant cockroach (D:1)
  2 goblins (D:1)
  A hobgoblin (D:1)
  A quokka (D:1)
  3 frilled lizards (D:1)
  2 kobolds (D:1)
  A rat (D:1)
19 creatures vanquished.

Notes
Turn   | Place    | Note
-------+----------+-------------------------------------------
     0 | D:1      | Aneyh the Tengu Fighter began the quest for the Orb.
     0 | D:1      | Reached XP level 1. HP: 14/14 MP: 2/2
    34 | D:1      | Reached XP level 2. HP: 19/19 MP: 3/3
   215 | D:1      | Slain by a goblin

Illustrated notes

Levels and vault maps discovered:
D:1:      onia_arrival_pyramid, layout_rooms

Action                     || total
---------------------------++-------
  Melee: Short sword       ||    46
         Kick              ||    14
         Peck              ||     5
 Armour: Scale mail        ||    21
  Dodge: Dodged            ||    17
  Block: Buckler           ||     7

Table legend: (Time is in decaauts)
 A = Elapsed time spent in this place.
 B = Non-inter-level travel time spent in this place.
 C = Inter-level travel time spent in this place.
 D = Time resting spent in this place.
 E = Time spent auto-exploring this place.
 F = Levels seen in this place.
 G = Mean time per level.
                   A        B        C        D        E       F      G
               +--------+--------+--------+--------+--------+-----+--------+
         Total |    215 |    215 |      0 |      0 |    128 |   1 |  215.0 |
       Dungeon |    215 |    215 |      0 |      0 |    128 |   1 |  215.0 |
               +--------+--------+--------+--------+--------+-----+--------+

Top non-repeatable levels by time:
     D:1: 215 daAuts
